 Dungeon Crawl Stone Soup version 0.27.1-34-g3ba077fa99 (webtiles) character file.

Game seed: 5119452398258007152

53092 pkoi the Brawler (level 14, -2/110 HPs)
             Began as a Black Draconian Monk on Jan 4, 2022.
             Was a High Priest of Okawaru.
             Killed by the air
             ... invoked by a wind drake
              (18 damage)
             ... on level 1 of the Shoals.
             The game lasted 00:46:30 (22681 turns).

pkoi the Brawler (Black Draconian Monk)            Turns: 22681, Time: 00:46:31

Health: -2/110     AC: 11    Str: 21    XL:     14   Next: 29%
Magic:  20/20      EV: 15    Int: 17    God:    Okawaru [*****.]
Gold:   874        SH:  5    Dex: 18    Spells: 13/13 levels left

rFire    . . .     SeeInvis .   b - +3 arbalest "Ojicixi" {vorpal, rPois Dex+4}
rCold    . . .     Faith    .   (shield currently unavailable)
rNeg     . . .     Spirit   .   (armour unavailable)
rPois    +         Reflect  +   P - +0 hat {Int+3}
rElec    +         Harm     .   N - scarf {shadows}
rCorr    .         Rampage  .   m - +1 pair of gloves
Will     +....                  O - +0 pair of boots {Stlth+}
Stlth    +++.......             e - amulet of reflection
HPRegen  0.28/turn              o - +6 ring of strength
MPRegen  0.17/turn              x - ring of poison resistance

@: flying
A: breathe lightning, AC +8, unfitting armour, big wings, electricity
resistance, cold-blooded, stinger 1, sense surroundings 1
a: Breathe Lightning, Renounce Religion, Heroism, Finesse


You were on level 1 of the Shoals.
You worshipped Okawaru.
Okawaru was extremely pleased with you.
You visited 4 branches of the dungeon, and saw 21 of its levels.
You also visited: Ossuary.

You collected 1324 gold pieces.
You spent 450 gold pieces at shops.

Inventory:

Hand Weapons
 b - the +3 arbalest "Ojicixi" (weapon) {vorpal, rPois Dex+4}
   (Okawaru gifted it to you on level 1 of the Lair of Beasts)

   Any ammunition fired from it inflicts extra damage upon your enemies.
   Dex:       It affects your dexterity (+4).
   rPois:     It protects you from poison.
 K - a +2 triple crossbow of freezing
Missiles
 g - 106 bolts (quivered ammo)
 j - 56 poisoned darts
 A - 2 throwing nets
 L - 5 curare-tipped darts
Armour
 m - a +1 pair of gloves (worn)
 N - a scarf of shadows (worn)
 O - a +0 pair of boots of stealth (worn)
 P - a +0 hat of intelligence (worn)
Jewellery
 a - an amulet of regeneration
 e - an amulet of reflection (around neck)
 o - a +6 ring of strength (left hand)
 t - a ring of magical power
 x - a ring of poison resistance (right hand)
 C - a ring of see invisible
 D - a ring of positive energy
Wands
 c - a wand of acid (27)
 n - a wand of digging (7)
 q - a wand of flame (40)
 z - a wand of iceblast (32)
 I - a wand of polymorph (15)
 T - a wand of charming (5)
Scrolls
 d - a scroll of silence
 f - 4 scrolls of identify
 s - a scroll of amnesia
 w - 3 scrolls of magic mapping
 y - 5 scrolls of teleportation
 E - 3 scrolls of blinking
 G - a scroll of fog
 H - 4 scrolls of summoning
 J - a scroll of enchant armour
 M - a scroll of acquirement
 Q - 2 scrolls of brand weapon
 S - a scroll of fear
Potions
 h - 11 potions of curing
 i - a potion of berserk rage
 k - 3 potions of ambrosia
 l - a potion of cancellation
 p - 3 potions of flight
 r - 5 potions of might
 u - 3 potions of lignification
 v - 3 potions of heal wounds
 B - 2 potions of brilliance
 F - 2 potions of invisibility
 R - a potion of haste
 U - a potion of resistance


   Skills:
 - Level 6.1 Fighting
 - Level 12.8 Crossbows
 - Level 6.0 Dodging
 - Level 1.7 Stealth
 * Level 18.9 Unarmed Combat
 - Level 9.0 Invocations


You had 13 spell levels left.
You didn't know any spells.
Your spell library contained the following spells:

 Spells                   Type           Power      Damage    Failure   Level
 Conjure Flame            Conj/Fire      0%         6-21      56%         3
 Ignite Poison            Fire/Tmut/Pois 0%         N/A       56%         3
 Animate Dead             Necr           0%         N/A       93%         4
 Sticky Flame             Conj/Fire      0%         2d3       93%         4
 Haunt                    Necr/Summ      0%         N/A       100%        7
 Infestation              Necr           0%         N/A       100%        8


Dungeon Overview and Level Annotations

Branches:
Dungeon (13/15)            Temple (1/1) D:4            Lair (6/6) D:11
 Shoals (1/4) Lair:2        Snake (0/4) Lair:2        Slime (0/5) Lair:6
    Orc (0/2) D:12        Ossuary (visited)
 Vaults: D:13-14

Altars:
Ashenzari
Cheibriados
Dithmenos
Elyvilon
Fedhas
Gozag
Hepliaklqana
Kikubaaqudgha
Makhleb
Nemelex Xobeh
Okawaru
Qazlal
Ru
Sif Muna
Trog
Uskayaw
Vehumet
Wu Jian
Xom
Yredelemnul
Zin
The Shining One

Shops:
D:9 ?   D:11 [*:=

Annotations:
D:8 exclusion: oklob plant
D:13 4 runed translucent doors
Lair:1 2 transporters, Sharkman1231's ghost, journeyman DsWn
Lair:5 exclusion: oklob plant
Lair:6 1 runed translucent door


Innate Abilities, Weirdness & Mutations

You can breathe wild blasts of lightning.
Your glossy black scales are hard. (AC +8)
You cannot fit into any form of body armour.
Your large and strong wings let you fly.
You are resistant to electric shocks. (rElec)
You are cold-blooded and may be slowed by cold attacks.
Your tail ends in a poisonous barb.
You passively map a small area around you.


Message History

Press: ? - help, Q - select action, (/) - cycle Shift-Dir - straight line, f/p - wind drake
Aim: a wind drake (severely wounded, repelling missiles, 27% to hit)
You shoot a bolt. The bolt barely misses the wind drake.
You hear a splash.
The wind drake bites you!
* * * LOW HITPOINT WARNING * * *
The wind drake completely misses you.
You are now empty-handed.
You closely miss the wind drake.
The wind drake is severely wounded.
The wind drake bites you.
* * * LOW HITPOINT WARNING * * *
You hit the wind drake but do no damage.
You tail-slap the wind drake, but do no damage.
The wind drake is severely wounded.
The wind drake bites you but does no damage.
You closely miss the wind drake.
The wind drake is severely wounded.
You barely miss the wind drake. You punch the wind drake!
The wind drake is almost dead.
The wind drake exhales a fierce blast of wind!
You are blown backwards!
You feel agile.
b - the +3 arbalest "Ojicixi" (weapon)
{vorpal, rPois Dex+4} The wind drake flaps its wings at you.
The air twists around and strikes you!
* * * LOW HITPOINT WARNING * * *
Fire: 108 bolts
Press: ? - help, Q - select action, (/) - cycle Shift-Dir - straight line, f/p - wind drake
Aim: a wind drake (almost dead, repelling missiles, 27% to hit)
You shoot a bolt. The bolt barely misses the wind drake.
Unknown command.
Fire: 107 bolts
Press: ? - help, Q - select action, (/) - cycle Shift-Dir - straight line, f/p - wind drake
Aim: a wind drake (almost dead, repelling missiles, 27% to hit)
You shoot a bolt.
The bolt completely misses the wind drake.
The wind drake flaps its wings at you. The air twists around and strikes you!!
You die...

≈≈≈≈≈≈≈≈.###..###....... *
≈≈≈≈≈.≈≈.###..###..≈≈... ≈
≈≈≈≈≈≈≈≈≈≈......≈≈≈≈≈≈..#
≈
≈.≈≈≈≈≈≈≈≈..≈≈≈≈≈.≈≈≈≈..#
≈..≈≈≈≈.≈≈≈≈≈≈≈≈≈≈(≈≈≈..#
* ≈
...≈≈≈≈≈≈≈.≈≈≈≈≈≈≈≈≈≈≈≈.≈
......≈≈≈≈≈≈≈≈≈≈≈≈≈≈≈≈≈≈.
*##.......≈≈≈≈≈≈≈≈≈≈≈.≈..≈
≈ #((.≈.((k.≈≈@≈≈≈≈≈≈≈..≈≈
$....≈≈≈≈≈≈≈≈≈≈≈≈≈≈≈≈≈≈..
≈
..(...≈≈≈≈≈≈≈≈≈≈≈≈≈≈≈....
((##....≈≈≈≈≈≈≈≈≈≈≈≈≈ ≈ (
#..≈≈≈≈≈≈≈≈≈≈≈≈≈≈≈ ≈
.≈≈≈≈≈≈≈≈≈≈≈≈≈≈≈≈≈ ≈
≈≈≈≈≈≈≈≈≈.≈≈≈≈≈≈≈≈≈ , ≈ ≈
≈ , ≈ ≈


You could see a wind drake (repels missiles).

Vanquished Creatures
  2 boulder beetles
  5 hydras
  3 centaur warriors
  2 two-headed ogres
  A death knight (D:11)
  9 death yaks
  Sonja (Lair:1)
  2 lindwurms (Lair:6)
  Pikel (D:5)
  An oklob plant (Lair:2)
  An ugly thing (D:12)
  3 cyclopes
  A manticore (Shoals:1)
  8 elephants
  3 black mambas
  5 torpor snails (Lair:6)
  A gargoyle (D:12)
  11 cane toads
  A rime drake (Lair:5)
  6 komodo dragons
  6 trolls
  3 merfolk (Lair:2)
  3 tyrant leeches (Lair:6)
  3 polar bears
  7 hornets
  20 blink frogs
  27 yaks
  A shadow (D:12)
  Sigmund (D:4)
  2 vampires
  4 humans (D:13)
  A water elemental (D:12)
  3 wyverns
  2 basilisks (Lair:6)
  2 steam dragons (D:8)
  19 water moccasins
  11 orc warriors
  A black bear (Lair:5)
  2 necrophages
  2 ice beasts (D:8)
  6 centaurs
  14 wolves
  A lemure (D:5)
  6 ogres
  4 kobold brigands
  13 bullfrogs
  A scorpion (Lair:2)
  4 gnoll sergeants
  3 water moccasin zombies (Ossuary)
  A killer bee (shapeshifter) (D:13)
  12 killer bees
  5 wights
  4 electric eels
  3 howler monkeys (D:9)
  Crazy Yiuf (D:3)
  4 centaur zombies
  A jelly (D:8)
  8 orc priests
  2 hounds
  A bullfrog skeleton (D:4)
  A centaur skeleton (D:4)
  Jessica (D:3)
  Ijyb (D:4)
  6 iguanas
  11 orc wizards
  2 killer bee zombies
  2 mummies (Ossuary)
  A howler monkey zombie (D:8)
  Robin (D:3)
  8 gnolls
  7 adders
  A shadow imp (D:6)
  2 white imps
  5 adder zombies (Ossuary)
  4 dart slugs
  38 orcs
  8 bats
  7 endoplasms
  3 giant cockroaches
  7 hobgoblins
  10 jackals
  5 quokkas
  9 ball pythons
  3 frilled lizards
  3 gnoll zombies (Ossuary)
  13 goblins
  2 hobgoblin zombies (Ossuary)
  16 kobolds
  3 kobold zombies (Ossuary)
  4 orc zombies (Ossuary)
  6 rats
471 creatures vanquished.

Vanquished Creatures (others)
  An orc warrior (D:8)
  24 fungi
  40 plants
65 creatures vanquished.

Grand Total: 536 creatures vanquished

Notes
Turn   | Place    | Note
-------+----------+-------------------------------------------
     0 | D:1      | pkoi the Draconian Monk began the quest for the Orb.
     0 | D:1      | Reached XP level 1. HP: 19/19 MP: 1/1
   294 | D:1      | Reached XP level 2. HP: 26/26 MP: 2/2
   525 | D:1      | Reached skill level 4 in Unarmed Combat
   741 | D:1      | Reached XP level 3. HP: 31/31 MP: 3/3
   863 | D:1      | Found a faded altar of an unknown god.
  1812 | D:2      | Reached skill level 5 in Unarmed Combat
  1812 | D:2      | Reached XP level 4. HP: 36/38 MP: 4/4
  1916 | D:3      | Reached XP level 5. HP: 45/45 MP: 5/5
  2030 | D:3      | Reached skill level 6 in Unarmed Combat
  2056 | D:3      | Identified a scroll of acquirement
  2056 | D:3      | Acquired a +1 triple crossbow of freezing
  2140 | D:3      | Reached skill level 1 in Crossbows
  2229 | D:3      | Noticed Jessica
  2235 | D:3      | Killed Jessica
  2298 | D:3      | Noticed Robin
  2299 | D:3      | Killed Robin
  2305 | D:3      | Reached XP level 6. HP: 51/51 MP: 6/6
  2579 | D:3      | Found a transporter.
  2592 | D:3      | Found a transporter.
  2720 | D:3      | Found a runed translucent door.
  2721 | D:3      | Noticed Crazy Yiuf
  2978 | D:4      | Found a staircase to the Ecumenical Temple.
  3004 | Temple   | Entered the Ecumenical Temple
  3008 | Temple   | Became a worshipper of Warmaster Okawaru
  3008 | Temple   | Reached * piety under Okawaru
  3008 | Temple   | Reached ** piety under Okawaru
  3075 | D:4      | Noticed Ijyb
  3077 | D:4      | Found a sand-covered staircase.
  3085 | D:4      | Killed Ijyb
  3095 | Ossuary  | Entered an ossuary
  3205 | Ossuary  | Reached skill level 7 in Unarmed Combat
  3220 | Ossuary  | Your scales start taking on a glossy black colour.
  3220 | Ossuary  | Reached XP level 7. HP: 57/57 MP: 7/7
  3220 | Ossuary  | Gained mutation: You are resistant to electric shocks.
                  | (rElec) [Black Draconian growth]
  3399 | D:4      | Acquired a manual of Crossbows
  3597 | D:4      | Noticed Sigmund
  3599 | D:4      | Killed Sigmund
  3600 | D:4      | Found a burning altar of Makhleb.
  3807 | D:4      | Found a sacrificial altar of Ru.
  5005 | D:5      | Entered Level 5 of the Dungeon
  5061 | D:5      | Reached *** piety under Okawaru
  5062 | D:5      | Reached skill level 5 in Crossbows
  5209 | D:5      | Reached skill level 8 in Unarmed Combat
  5831 | D:5      | Reached XP level 8. HP: 60/63 MP: 8/8
  5971 | D:6      | Noticed Pikel
  6073 | D:5      | Killed Pikel
  6073 | D:5      | Received a gift from Okawaru
  6074 | D:5      | Reached skill level 9 in Unarmed Combat
  6565 | D:6      | Identified the +0 robe "Kotzevit" {rPois rF+ Dex-5}
  6841 | D:7      | Reached XP level 9. HP: 57/70 MP: 9/9
  7188 | D:7      | Reached skill level 10 in Unarmed Combat
  7432 | D:7      | Gained mutation: You passively map a small area around you.
                  | [potion of mutation]
  7432 | D:7      | Gained mutation: Your tail ends in a poisonous barb.
                  | [potion of mutation]
  7666 | D:8      | Found a shimmering altar of Xom.
  7721 | D:8      | Reached skill level 10 in Crossbows
  7741 | D:8      | Reached **** piety under Okawaru
  7813 | D:8      | Noticed a centaur warrior
  7837 | D:8      | Killed a centaur warrior
  7838 | D:8      | Reached skill level 11 in Unarmed Combat
  7838 | D:8      | Reached XP level 10. HP: 15/77 MP: 10/10
  8221 | D:8      | Reached ***** piety under Okawaru
  8405 | D:8      | Found a stormy altar of Qazlal.
  8407 | D:8      | Found a hide-covered altar of Uskayaw.
  8455 | D:8      | Noticed a cyclops
  8458 | D:8      | Killed a cyclops
  8458 | D:8      | Received a gift from Okawaru
  8500 | D:8      | Found a broken altar of Ashenzari.
  8544 | D:8      | Found a blossoming altar of Fedhas.
  8557 | D:8      | Noticed an oklob plant
  9031 | D:9      | Noticed a two-headed ogre
  9035 | D:9      | Killed a two-headed ogre
  9035 | D:9      | Received a gift from Okawaru
  9036 | D:9      | Reached skill level 12 in Unarmed Combat
  9163 | D:9      | Found a snail-covered altar of Cheibriados.
  9492 | D:9      | Received a gift from Okawaru
  9498 | D:9      | Found Fuimi's Magic Scroll Boutique.
  9840 | D:10     | Entered Level 10 of the Dungeon
  9942 | D:10     | Noticed a sea snake
  9993 | D:10     | Reached skill level 1 in Invocations
 10592 | D:11     | Found Gisk's Antique Armour Emporium.
 10594 | D:11     | Received a gift from Okawaru
 10808 | D:11     | Reached XP level 11. HP: 76/84 MP: 12/12
 10895 | D:11     | Found Meimor's General Store.
 11146 | D:11     | Found a staircase to the Lair.
 11256 | D:11     | Found Itrei's Jewellery Boutique.
 11528 | D:11     | Noticed a two-headed ogre
 11538 | D:11     | Killed a two-headed ogre
 11824 | D:11     | Found Niexyvo's Book Shoppe.
 11892 | Lair:1   | Entered Level 1 of the Lair of Beasts
 11892 | Lair:1   | Noticed Sonja
 11897 | Lair:1   | Killed Sonja
 11897 | Lair:1   | Identified the +3 arbalest "Ojicixi" {vorpal, rPois Dex+4}
                  | (Okawaru gifted it to you on level 1 of the Lair of Beasts)
 11897 | Lair:1   | Received a gift from Okawaru
 11898 | Lair:1   | Reached skill level 5 in Fighting
 12127 | Lair:1   | Found a transporter.
 12175 | Lair:1   | Noticed Sharkman1231's ghost (journeyman DsWn)
 12179 | Lair:1   | Found a transporter.
 12204 | Lair:1   | Reached skill level 13 in Unarmed Combat
 12253 | Lair:1   | Noticed a seven-headed hydra
 12260 | Lair:1   | Killed a seven-headed hydra
 12430 | Lair:1   | Noticed a six-headed hydra
 12451 | Lair:1   | Killed a six-headed hydra
 13017 | Lair:2   | Found a staircase to the Snake Pit.
 13056 | Lair:2   | Received a gift from Okawaru
 13057 | Lair:2   | Reached skill level 5 in Dodging
 13388 | Lair:2   | Noticed a seven-headed hydra
 13394 | Lair:2   | Killed a seven-headed hydra
 13423 | Lair:2   | Noticed a death yak
 13423 | Lair:2   | Noticed a death yak
 13425 | Lair:2   | Noticed a death yak
 13435 | Lair:2   | Noticed a death yak
 13436 | Lair:2   | Noticed a death yak
 13437 | Lair:2   | Noticed a death yak
 13446 | Lair:1   | Killed a death yak
 13447 | Lair:1   | Reached skill level 5 in Invocations
 13559 | Lair:1   | Killed a death yak
 13560 | Lair:1   | Reached XP level 12. HP: 67/96 MP: 12/16
 13564 | Lair:1   | Killed a death yak
 13565 | Lair:1   | Reached skill level 14 in Unarmed Combat
 13692 | Lair:1   | Killed a death yak
 13950 | Lair:2   | Reached ****** piety under Okawaru
 14357 | Lair:2   | Received a gift from Okawaru
 14449 | Lair:2   | Found a staircase to the Shoals.
 14766 | Lair:1   | Killed a death yak
 14767 | Lair:1   | Reached skill level 15 in Unarmed Combat
 14891 | Lair:2   | Killed a death yak
 15198 | Lair:3   | Noticed a seven-headed hydra
 15212 | Lair:3   | Killed a seven-headed hydra
 16326 | Lair:4   | Identified the +8 hand axe "Xacwoc" {drain, Fly rCorr Str+6
                  | Stlth-}
 16710 | Lair:5   | Reached XP level 13. HP: 102/102 MP: 19/19
 17128 | Lair:5   | Reached skill level 16 in Unarmed Combat
 17191 | Lair:5   | Received a gift from Okawaru
 17762 | Lair:6   | Entered Level 6 of the Lair of Beasts
 17906 | Lair:6   | Found a staircase to the Slime Pits.
 18422 | Lair:6   | Reached skill level 17 in Unarmed Combat
 18631 | Lair:6   | Received a gift from Okawaru
 19340 | Lair:6   | Found a runed translucent door.
 19432 | Lair:6   | Noticed a fire dragon
 19463 | Lair:6   | Reached skill level 18 in Unarmed Combat
 19466 | Lair:6   | Received a gift from Okawaru
 20152 | D:12     | Gained mutation: Your large and strong wings let you fly.
                  | [Black Draconian growth]
 20152 | D:12     | Reached XP level 14. HP: 110/110 MP: 20/20
 20373 | D:12     | Received a gift from Okawaru
 20532 | D:12     | Found a staircase to the Orcish Mines.
 21309 | D:13     | Found a huge runed translucent gate.
 21310 | D:13     | Found a huge runed translucent gate.
 21368 | D:13     | Found a huge runed translucent gate.
 21368 | D:13     | Found a huge runed translucent gate.
 21754 | D:3      | Killed Crazy Yiuf
 22365 | Shoals:1 | Entered Level 1 of the Shoals
 22494 | D:11     | Bought an amulet of reflection for 450 gold pieces
 22681 | Shoals:1 | Killed from afar by a wind drake

Illustrated notes

Levels and vault maps discovered:
D:1:      dpeg_arrival_tiny_i, layout_loops_ring,
          hellmonk_ecumenical_altar_lost_god, kennysheep_boxes
D:2:      layout_loops_corners, hangedman_decor_points,
          kennysheep_generic_room_3
D:3:      gammafunk_steamed_eel, layout_basic, chequers_serial_rivers_small_b,
          uniq_crazy_yiuf_cottage, uniq_robin, uniq_jessica
D:4:      layout_basic, kennysheep_mini, mainiacjoe_overflow_six_doors_small,
          minmay_temple_entry_stoned_glass, chequers_ossuary_entry_cave,
          uniq_sigmund, uniq_ijyb
D:5:      layout_basic
D:6:      layout_gridville, uniq_pikel
D:7:      layout_cave_pools
D:8:      minmay_quarter_circles, layout_basic, ashenzari_altar_1,
          mainiacjoe_overflow_concentric_impassable, tgw_fedhas, minitemple,
          enter_bailey_8
D:9:      layout_small_grid, cheibriados_altar_1, serial_shops,
          nicolae_diamond_shop
D:10:     layout_loops_cross, serial_aquarium, aquarium_bridge_straight
          [aquarium_subvault_bridge, aquarium_subvault_window,
          aquarium_subvault_bridge, aquarium_subvault_balcony],
          aquarium_window_corner, aquarium_window_fake, aquarium_window_2,
          aquarium_view_4, aquarium_pool_2
D:11:     layout_basic, lair_entry_dummy, serial_shops,
          nicolae_shop_behind_doors, shop, nicolae_stop_n_shop_1,
          nicolae_lakefront_shop
D:12:     statuecave_lemuel, layout_rooms,
          kennysheep_orc_monster_closet_entryway
D:13:     lemuel_bear_cage, layout_basic, grunt_vaults_entry_tiered
Temple:   zaba_magenta_temple
Lair:1:   layout_cave_pods, gammafunk_ghost_arena, uniq_sonja
Lair:2:   layout_small_grid, elwin_shoals_entry_rooms, dummy_snake_entry
Lair:3:   layout_regular_city, serial_bayou_ford_a
Lair:4:   layout_misc_corridors, lemuel_old_faithful,
          infiniplex_staircase_pool_2
Lair:5:   layout_regular_city, minmay_lair_oklob_chamber, grunt_megastairs_3
Lair:6:   wormcave, layout_cave_pods, slime_dummy
Shoals:1: layout_shoals

Skill      XL: |  1  2  3  4  5  6  7  8  9 10 11 12 13 |
---------------+----------------------------------------+-----
Unarmed Combat | 4 5 6 7 8 9 11 12 13 15 18 | 18.9
Crossbows      | 1 3 6 8 11 12 | 12.8
Dodging        | 3 5 6 |  6.0
Invocations    | 1 5 8 9 |  9.0
Fighting       | 4 6 |  6.1
Stealth        | |  1.7

Action                   |  1- 3 |  4- 6 |  7- 9 | 10-12 | 13-15 || total
-------------------------+-------+-------+-------+-------+-------++-------
Melee: Unarmed           |   131 |   175 |   161 |   367 |   392 ||  1226
       Tailslap          |    17 |    17 |    29 |    66 |    82 ||   211
       Punch             |     1 |     4 |     4 |    27 |    44 ||    80
 Fire: Triple crossbow   |       |    36 |    82 |   107 |       ||   225
       Arbalest          |       |       |       |   133 |   209 ||   342
Throw: Dart              |       |       |       |       |     1 ||     1
Invok: Heroism           |       |       |       |     8 |    14 ||    22
       Finesse           |       |       |       |       |     1 ||     1
 Abil: Breathe Lightning |       |       |     3 |     3 |     1 ||     7
Evoke: Wand              |       |       |       |       |     2 ||     2
  Use: Scroll            |     1 |     3 |     7 |    10 |     1 ||    22
       Potion            |     1 |     1 |     7 |       |       ||     9
 Stab: Sleeping          |     3 |     1 |       |       |     1 ||     5
Armor: Skin              |    49 |    48 |    48 |   112 |    81 ||   338
Dodge: Dodged            |    90 |   108 |   111 |   237 |   245 ||   791
Block: Other             |       |       |       |       |     1 ||     1
       Reflection        |       |       |       |       |     1 ||     1
